 Dungeon Crawl Stone Soup version 0.29.0-4-gdea44cf6ec (webtiles) character file.

Game seed: 4923603828903999244

9432 qw the Fighter (level 11, -2/92 HPs)
             Began as a Formicid Cinder Acolyte on Sept 3, 2022.
             Was an Initiate of Ignis.
             Slain by a gnoll sergeant
             ... wielding a +0 spear
              (5 damage)
             ... on level 10 of the Dungeon.
             The game lasted 00:05:42 (11506 turns).

qw the Fighter (Formicid Cinder Acolyte)           Turns: 11506, Time: 00:05:43

Health: -2/92      AC: 20    Str: 23    XL:     11   Next: 74%
Magic:  0/12       EV:  8    Int: 14    God:    Ignis [......]
Gold:   322        SH:  5    Dex:  9    Spells: 12/12 levels left

rFire   + + .      SeeInvis +   m - +3 woodcutter's axe {vorpal}
rCold   + . .      Faith    .   a - +0 buckler
rNeg    . . .      Spirit   +   o - +0 chain mail
rPois   +          Reflect  .   (helmet unavailable)
rElec   .          Harm     .   v - scarf {rC+ rF+}
rCorr   .          Rampage  .   g - +2 pair of gloves
Will    +....                   p - +1 pair of boots
Stlth   ..........              s - amulet of guardian spirit
HPRegen 0.25/turn               n - ring of poison resistance
MPRegen 0.13/turn               t - +4 ring of protection

@: no status effects
A: permanent stasis, dig shafts and tunnels, antennae 3, four strong arms
a: Dig, Shaft Self, Renounce Religion, Rising Flame


You were on level 10 of the Dungeon.
You worshipped Ignis.
Ignis was noncommittal.
You visited 1 branch of the dungeon, and saw 10 of its levels.

You collected 466 gold pieces.
You spent 144 gold pieces at shops.


Innate Abilities, Weirdness & Mutations

You cannot be hasted, slowed, berserked, paralysed or teleported.
You can dig through walls and to a lower floor.
You have a pair of large antennae on your head. (SInv)
Your four strong arms can wield two-handed weapons with a shield.


   Skills:
 + Level 10.8 Fighting
 - Level 10.0 Axes
 - Level 5.0 Throwing
 - Level 8.0 Armour
 - Level 3.0 Dodging
 - Level 8.1 Shields
 - Level 1.1 Spellcasting
 - Level 3.0 Fire Magic


You had 12 spell levels left.
You didn't know any spells.
Your spell library contained the following spells:

 Spells                   Type           Power      Damage    Failure   Level
 Scorch                   Fire           18%        2d6       63%         2

Inventory:

Hand Weapons
 m - the +3 woodcutter's axe (weapon) {vorpal}
   (You found it on level 2 of the Dungeon)

   It inflicts extra damage upon your enemies.
 r - a +0 morningstar
Missiles
 x - 2 javelins (quivered)
Armour
 a - a +0 buckler (worn)
 c - a +1 cloak
 g - a +2 pair of gloves (worn)
 o - a +0 chain mail (worn)
 p - a +1 pair of boots (worn)
 v - a scarf of resistance (worn)
Jewellery
 d - a ring of ice
 n - a ring of poison resistance (left hand)
 s - an amulet of guardian spirit (around neck)
 t - a +4 ring of protection (right hand)
 u - a ring of willpower
Scrolls
 e - 5 scrolls of identify
 w - a scroll of brand weapon
Potions
 b - 7 potions of curing
 f - a potion of cancellation
 h - 2 potions of mutation
 i - a potion of haste
 j - 3 potions of might
 l - 2 potions of resistance
 q - a potion of attraction {unknown}

Dungeon Overview and Level Annotations

Branches:
Dungeon (10/15)            Temple (0/1) D:5            Lair (0/5) D:10
    Orc: D:9-12

Altars:
Ashenzari
Cheibriados
Elyvilon
Fedhas
Gozag
Kikubaaqudgha
Nemelex Xobeh
Okawaru
Qazlal
Trog
Vehumet
Wu Jian
Xom
Zin
The Shining One

Shops:
D:8 [

Annotations:
D:4 3 runed translucent doors, qw's ghost, novice TrCA


Message History

The orc priest begins to cast a cantrip, but forgets the words!
The vampire mosquito closely misses you.
You slash the vampire mosquito!
You destroy the vampire mosquito!
The gnoll throws a throwing net.
The throwing net hits you.
You become entangled in the net!
The gnoll sergeant hits you but does no damage.
You struggle against the net.
The gnoll hits you but does no damage.
The gnoll sergeant hits you from afar with a +0 spear.
You struggle against the net.
The gnoll hits you but does no damage.
The gnoll sergeant hits you from afar with a +0 spear.
The orc wizard hits you but does no damage.
You tear a large gash into the net.
The orc priest invokes the aid of Beogh against you.
Beogh smites you!
The gnoll hits you from afar with a +0 spear.
The gnoll sergeant hits you but does no damage.
The orc wizard casts a spell at you. You resist with almost no effort.
The orc priest hits you but does no damage.
You rip the net and break free!
The gnoll hits you but does no damage.
The gnoll sergeant hits you but does no damage.
The orc wizard closely misses you.
You closely miss the orc priest. You slash the orc wizard!
The orc priest calls upon Beogh to heal the orc wizard.
The orc wizard is healed somewhat.
The gnoll hits you but does no damage. The gnoll sergeant closely misses you.
The orc wizard gestures at you while chanting.
The puff of flame hits you but does no damage.
You resist. You block the orc priest's attack.
You hit the orc wizard but do no damage.
The orc wizard is moderately wounded.
You hit the orc priest.
The orc priest calls down the wrath of Beogh upon you.
Beogh smites you! The gnoll closely misses you.
The gnoll sergeant hits you from afar with a +0 spear.
You die...

......##..%..%%#### #.#####
#......#{.## #......
#.###..####..# ########..#
#.......#....# ...........
##..####...##.# ........##.
#...####.#..#.# ........###
...#.....g##.........###.#
# ..
######.)###...........### .
#......@ogg...# #.......
........#o)o.#(..###.##...
...###..####.......#.#....
.# #......#.####.........
####..... #....#....
###{.####.........
##...........##..). ..#
##..#.........##.... #...
########...................


You could see a gnoll sergeant, 2 orc priests, an orc wizard and 2 gnolls.

Vanquished Creatures
  Erolcha (D:9)
  A two-headed ogre (D:8)
  Sonja (D:10)
  Psyche (D:9)
  3 hornets
  A troll (D:8)
  Grinder (D:5)
  2 wraiths
  2 wyverns
  3 yaks (D:8)
  An unseen horror simulacrum (D:9)
  A golden eye (D:9)
  2 humans (D:8)
  4 vampire mosquitoes (D:10)
  An acid dragon (D:9)
  2 water moccasins
  A black bear (D:6)
  2 sky beasts (D:7)
  2 wolves (D:9)
  4 centaurs
  An ogre (D:7)
  2 kobold brigands (D:7)
  A phantom (D:5)
  3 gnoll sergeants
  3 necrophages
  6 bullfrogs
  2 scorpions
  5 wights (D:8)
  9 killer bees
  An electric eel (D:9)
  A wyvern simulacrum (D:9)
  5 hounds
  2 gnoll boudas
  2 jellies
  9 orc priests
  6 iguanas
  7 orc wizards
  30 gnolls
  8 adders
  A shadow imp (D:6)
  2 white imps
  2 howler monkey simulacra (D:9)
  3 ufetubi
  A worm (D:2)
  2 dart slugs
  21 orcs
  8 ball pythons
  9 bats
  2 endoplasms
  6 giant cockroaches
  4 hobgoblins
  7 jackals
  15 kobolds
  2 quokkas
  6 frilled lizards
  6 goblins
  8 rats
244 creatures vanquished.

Vanquished Creatures (others)
  An angel (D:5)
  2 plants (D:5)
3 creatures vanquished.

Grand Total: 247 creatures vanquished

Notes
Turn   | Place    | Note
-------+----------+-------------------------------------------
     0 | D:1      | qw the Formicid Cinder Acolyte began the quest for the Orb.
     0 | D:1      | Reached XP level 1. HP: 18/18 MP: 2/2
     0 | D:1      | 0 ||| qw: Version: 0.1-a-102-g441f92d
     0 | D:1      | 0 ||| qw: Game counter: 5283
     0 | D:1      | 0 ||| qw: Always use a shield: true
     0 | D:1      | 0 ||| qw: God list: Okawaru
     0 | D:1      | 0 ||| qw: Allow faded altars: false
     0 | D:1      | 0 ||| qw: Do Orc after D:15 true
     0 | D:1      | 0 ||| qw: Do second Lair branch before Depths: true
     0 | D:1      | 0 ||| qw: Lair rune preference: random
     0 | D:1      | 0 ||| qw: Plans: Normal
     0 | D:1      | 0 ||| PLANNING D:1-11
   118 | D:1      | 118 ||| INVOKING Fiery Armour.
   284 | D:1      | Found a faded altar of an unknown god.
   297 | D:1      | Reached XP level 2. HP: 14/24 MP: 3/3
   304 | D:1      | HP: 6/24 [poisoned by a kobold]
  1275 | D:1      | Reached XP level 3. HP: 28/29 MP: 4/4
  1454 | D:1      | 1454 ||| Stepping ~*~*~tactically~*~*~ (hiding).
  1721 | D:1      | 1721 ||| Stepping ~*~*~tactically~*~*~ (stealth).
  1735 | D:1      | Reached skill level 1 in Dodging
  1832 | D:1      | 1832 ||| UPGRADING to +0 ring mail.
  1842 | D:1      | 1842 ||| DROPPING +0 robe.
  1843 | D:1      | 1843 ||| READING scroll labelled IRETYF KOUNUR.
  1844 | D:1      | 1844 ||| READING scroll labelled BAOKLO ZUSEW.
  1845 | D:1      | 1845 ||| READING 2 scrolls labelled GEG XEOVIY.
  1893 | D:2      | 1893 ||| Stepping ~*~*~tactically~*~*~ (hiding).
  1899 | D:2      | 1899 ||| INVOKING Fiery Armour.
  1904 | D:2      | Reached skill level 1 in Armour
  1904 | D:2      | 1904 ||| FLEEEEING.
  1905 | D:2      | 1905 ||| FLEEEEING.
  1906 | D:2      | 1906 ||| FLEEEEING.
  1907 | D:2      | 1907 ||| FLEEEEING.
  1908 | D:2      | 1908 ||| FLEEEEING.
  1909 | D:2      | 1909 ||| FLEEEEING.
  1910 | D:2      | 1910 ||| FLEEEEING.
  1911 | D:2      | 1911 ||| FLEEEEING.
  1912 | D:2      | 1912 ||| FLEEEEING.
  1913 | D:2      | 1913 ||| STAIRDANCE
  2025 | D:2      | 2025 ||| INVOKING Fiery Armour.
  2031 | D:2      | Reached XP level 4. HP: 35/35 MP: 5/5
  2189 | D:2      | 2189 ||| INVOKING Fiery Armour.
  2474 | D:2      | Found a bloodstained altar of Trog.
  2893 | D:2      | Noticed a gnoll sergeant
  2894 | D:2      | Found the +3 woodcutter's axe {vorpal}
  2895 | D:2      | 2895 ||| Stepping ~*~*~tactically~*~*~ (hiding).
  2907 | D:2      | 2907 ||| INVOKING Fiery Armour.
  2913 | D:2      | HP: 5/35 [gnoll sergeant/+0 spear (6)]
  2917 | D:2      | Killed a gnoll sergeant
  2918 | D:2      | Reached XP level 5. HP: 4/41 MP: 6/6
  3204 | D:2      | 3204 ||| SWAPPING to +3 woodcutter's axe {vorpal}.
  3205 | D:2      | 3205 ||| DROPPING -1 hand axe of protection.
  3209 | D:2      | 3209 ||| UPGRADING to +0 cloak.
  3214 | D:2      | 3214 ||| DROPPING ring of wizardry.
  3215 | D:2      | 3215 ||| READING scroll labelled NEDUAZ RYVU.
  3216 | D:2      | 3216 ||| READING scroll labelled OMITOA FULYO.
  3217 | D:2      | 3217 ||| READING 3 scrolls of identify.
  3217 | D:2      | 3217 ||| IDENTIFYING glowing golden potion
  3218 | D:2      | 3218 ||| READING 2 scrolls of identify.
  3218 | D:2      | 3218 ||| IDENTIFYING emerald potion
  3219 | D:2      | 3219 ||| DROPPING potion of lignification.
  3258 | D:3      | Reached skill level 6 in Axes
  3258 | D:3      | Reached XP level 6. HP: 46/47 MP: 7/7
  3281 | D:3      | 3281 ||| Stepping ~*~*~tactically~*~*~ (stealth).
  3368 | D:3      | 3368 ||| Stepping ~*~*~tactically~*~*~ (stealth).
  3747 | D:3      | 3747 ||| UPGRADING to +0 pair of gloves.
  3752 | D:3      | 3752 ||| READING scroll labelled QET ORAUQUURPHA.
  3753 | D:3      | 3753 ||| READING 4 scrolls of identify.
  3753 | D:3      | 3753 ||| IDENTIFYING black potion
  3754 | D:3      | 3754 ||| READING 3 scrolls of identify.
  3754 | D:3      | 3754 ||| IDENTIFYING silvery potion
  3755 | D:3      | 3755 ||| READING 2 scrolls of identify.
  3755 | D:3      | 3755 ||| IDENTIFYING golden potion
  3792 | D:4      | 3792 ||| READING scroll of enchant armour.
  3792 | D:4      | 3792 ||| ENCHANTING +0 pair of gloves.
  3812 | D:4      | 3812 ||| Stepping ~*~*~tactically~*~*~ (stealth).
  3821 | D:4      | 3821 ||| Stepping ~*~*~tactically~*~*~ (stealth).
  3827 | D:4      | 3827 ||| Stepping ~*~*~tactically~*~*~ (stealth).
  3828 | D:4      | 3828 ||| Stepping ~*~*~tactically~*~*~ (stealth).
  3829 | D:4      | 3829 ||| Stepping ~*~*~tactically~*~*~ (stealth).
  3850 | D:4      | 3850 ||| INVOKING Fiery Armour.
  3852 | D:4      | Reached XP level 7. HP: 27/54 MP: 8/8
  4163 | D:4      | Found a runed translucent gate.
  4164 | D:4      | Found a runed translucent gate.
  4164 | D:4      | Found a runed translucent gate.
  4165 | D:4      | Found an opulent altar of Gozag.
  4166 | D:4      | Noticed qw's ghost (novice TrCA)
  4493 | D:4      | 4493 ||| Stepping ~*~*~tactically~*~*~ (stealth).
  4651 | D:4      | 4651 ||| UPGRADING to +0 chain mail.
  4661 | D:4      | 4661 ||| DROPPING +0 ring mail.
  4662 | D:4      | 4662 ||| UPGRADING to ring of poison resistance.
  4695 | D:5      | Entered Level 5 of the Dungeon
  4710 | D:5      | 4710 ||| STAIRDANCE
  4879 | D:5      | 4879 ||| Stepping ~*~*~tactically~*~*~ (hiding).
  4885 | D:5      | 4885 ||| INVOKING Fiery Armour.
  4895 | D:5      | Reached skill level 3 in Armour
  4907 | D:5      | 4907 ||| FLEEEEING.
  4908 | D:5      | 4908 ||| FLEEEEING.
  4909 | D:5      | 4909 ||| FLEEEEING.
  4910 | D:5      | 4910 ||| FLEEEEING.
  4911 | D:5      | 4911 ||| FLEEEEING.
  4912 | D:5      | 4912 ||| STAIRDANCE
  5168 | D:5      | Noticed Grinder
  5179 | D:5      | Killed Grinder
  5180 | D:5      | Reached XP level 8. HP: 60/60 MP: 9/9
  5188 | D:5      | Identified the +1 leather armour "Plog" {Str+3}
  5239 | D:5      | Killed an angel
  5382 | D:5      | 5382 ||| DROPPING +0 flail.
  5600 | D:5      | 5600 ||| READING scroll of enchant armour.
  5600 | D:5      | 5600 ||| ENCHANTING +1 pair of gloves.
  5614 | D:5      | 5614 ||| Stepping ~*~*~tactically~*~*~ (stealth).
  5617 | D:5      | 5617 ||| Stepping ~*~*~tactically~*~*~ (hiding).
  5627 | D:5      | 5627 ||| Stepping ~*~*~tactically~*~*~ (hiding).
  5628 | D:5      | 5628 ||| Stepping ~*~*~tactically~*~*~ (hiding).
  5709 | D:5      | 5709 ||| Stepping ~*~*~tactically~*~*~ (stealth).
  5710 | D:5      | 5710 ||| Stepping ~*~*~tactically~*~*~ (stealth).
  5711 | D:5      | 5711 ||| Stepping ~*~*~tactically~*~*~ (stealth).
  5730 | D:5      | Reached skill level 9 in Axes
  5830 | D:5      | 5830 ||| DROPPING +0 vampiric whip.
  5843 | D:5      | 5843 ||| Stepping ~*~*~tactically~*~*~ (stealth).
  5845 | D:5      | 5845 ||| Stepping ~*~*~tactically~*~*~ (hiding).
  5906 | D:5      | Found a staircase to the Ecumenical Temple.
  5911 | D:5      | 5911 ||| FLEEEEING.
  5912 | D:5      | 5912 ||| FLEEEEING.
  5997 | D:5      | Found a glowing silver altar of Zin.
  5997 | D:5      | Found a shimmering altar of Xom.
  6125 | D:5      | 6125 ||| UPGRADING to ring of willpower.
  6126 | D:5      | 6126 ||| READING scroll labelled REROUHEREO.
  6127 | D:5      | 6127 ||| READING scroll labelled LAQEWK CAPTECZI.
  6128 | D:5      | 6128 ||| READING scroll labelled SUZECUE PAYQA.
  6129 | D:5      | 6129 ||| READING scroll labelled ASEESTR NOIG.
  6130 | D:5      | 6130 ||| DRINKING 2 pink potions.
  6207 | D:6      | Reached XP level 9. HP: 69/69 MP: 10/10
  6218 | D:6      | 6218 ||| Stepping ~*~*~tactically~*~*~ (stealth).
  6226 | D:6      | Reached skill level 6 in Fighting
  6338 | D:6      | 6338 ||| READING scroll of enchant armour.
  6338 | D:6      | 6338 ||| ENCHANTING +0 cloak.
  6363 | D:6      | 6363 ||| Stepping ~*~*~tactically~*~*~ (hiding).
  6442 | D:6      | 6442 ||| Stepping ~*~*~tactically~*~*~ (hiding).
  6443 | D:6      | 6443 ||| Stepping ~*~*~tactically~*~*~ (hiding).
  6444 | D:6      | 6444 ||| Stepping ~*~*~tactically~*~*~ (hiding).
  6453 | D:6      | 6453 ||| Stepping ~*~*~tactically~*~*~ (stealth).
  6455 | D:6      | 6455 ||| Stepping ~*~*~tactically~*~*~ (stealth).
  6647 | D:6      | Found a stormy altar of Qazlal.
  6917 | D:6      | 6917 ||| UPGRADING to +0 buckler.
  6922 | D:6      | 6922 ||| UPGRADING to +0 pair of boots.
  6927 | D:6      | 6927 ||| READING scroll labelled EHIWUMN JUIMEALUB.
  6928 | D:6      | 6928 ||| READING scroll labelled GOIN WEMUSK.
  7029 | D:6      | 7029 ||| READING 2 scrolls of identify.
  7029 | D:6      | 7029 ||| IDENTIFYING fizzy brown potion
  7030 | D:6      | 7030 ||| DROPPING potion of brilliance.
  7152 | D:7      | Reached skill level 1 in Shields
  7262 | D:7      | Reached skill level 3 in Shields
  7371 | D:7      | 7371 ||| Stepping ~*~*~tactically~*~*~ (stealth).
  7373 | D:7      | 7373 ||| Stepping ~*~*~tactically~*~*~ (stealth).
  7376 | D:7      | 7376 ||| Stepping ~*~*~tactically~*~*~ (stealth).
  7412 | D:7      | 7412 ||| Stepping ~*~*~tactically~*~*~ (stealth).
  7443 | D:7      | 7443 ||| Stepping ~*~*~tactically~*~*~ (hiding).
  7512 | D:7      | 7512 ||| Stepping ~*~*~tactically~*~*~ (stealth).
  7521 | D:7      | 7521 ||| Stepping ~*~*~tactically~*~*~ (stealth).
  7601 | D:7      | 7601 ||| READING scroll of enchant armour.
  7601 | D:7      | 7601 ||| ENCHANTING +0 pair of boots.
  7657 | D:7      | Found an opulent altar of Gozag.
  7717 | D:7      | Found a radiant altar of Vehumet.
  7867 | D:7      | Reached skill level 3 in Throwing
  7885 | D:7      | Found a white marble altar of Elyvilon.
  7905 | D:7      | Found a broken altar of Ashenzari.
  8030 | D:7      | 8030 ||| UPGRADING to amulet of guardian spirit.
  8035 | D:7      | 8035 ||| DROPPING ring of magical power.
  8036 | D:7      | 8036 ||| READING scroll labelled INUYSO TESE.
  8037 | D:7      | 8037 ||| READING 3 scrolls of identify.
  8037 | D:7      | 8037 ||| IDENTIFYING metallic cyan potion
  8072 | D:6      | 8072 ||| Stepping randomly (stuck).
  8224 | D:8      | Reached XP level 10. HP: 77/77 MP: 11/11
  8276 | D:8      | Reached skill level 6 in Armour
  8368 | D:8      | 8368 ||| Stepping ~*~*~tactically~*~*~ (hiding).
  8490 | D:8      | Found a sparkling altar of Nemelex Xobeh.
  8505 | D:8      | Found an iron altar of Okawaru.
  8594 | D:8      | Found an ancient bone altar of Kikubaaqudgha.
  8637 | D:8      | Found a blossoming altar of Fedhas.
  8690 | D:8      | Found an ornate altar of the Wu Jian Council.
  8741 | D:8      | 8741 ||| Stepping ~*~*~tactically~*~*~ (stealth).
  8743 | D:8      | 8743 ||| Stepping ~*~*~tactically~*~*~ (hiding).
  8860 | D:8      | Reached skill level 6 in Shields
  8869 | D:8      | Noticed a two-headed ogre
  8877 | D:8      | Killed a two-headed ogre
  8937 | D:8      | Identified the -1 helmet "Igreurph" {rF- rN+ rCorr}
  9018 | D:8      | Found Kojexzei's Antique Armour Emporium.
  9026 | D:8      | 9026 ||| BUYING glowing scarf (144 gold).
  9026 | D:8      | Bought a glowing scarf for 144 gold pieces
  9039 | D:8      | Found a snail-covered altar of Cheibriados.
  9112 | D:8      | 9112 ||| Stepping ~*~*~tactically~*~*~ (hiding).
  9345 | D:8      | 9345 ||| UPGRADING to scarf of resistance.
  9355 | D:8      | 9355 ||| READING scroll labelled ETRIAM BUEDOA.
  9356 | D:8      | 9356 ||| READING 4 scrolls of identify.
  9356 | D:8      | 9356 ||| IDENTIFYING blue potion
  9393 | D:9      | 9393 ||| STAIRDANCE
  9401 | D:8      | 9401 ||| INVOKING Fiery Armour.
  9667 | D:9      | 9667 ||| STAIRDANCE
  9815 | D:9      | 9815 ||| Stepping ~*~*~tactically~*~*~ (stealth).
  9820 | D:9      | Reached skill level 9 in Fighting
  9820 | D:9      | Reached XP level 11. HP: 81/89 MP: 12/12
 10057 | D:9      | 10057 ||| Stepping ~*~*~tactically~*~*~ (hiding).
 10060 | D:9      | 10060 ||| Stepping ~*~*~tactically~*~*~ (stealth).
 10071 | D:9      | 10071 ||| INVOKING Fiery Armour.
 10229 | D:9      | Found a glowing golden altar of the Shining One.
 10230 | D:9      | Noticed Erolcha
 10231 | D:9      | 10231 ||| Stepping ~*~*~tactically~*~*~ (hiding).
 10232 | D:9      | 10232 ||| Stepping ~*~*~tactically~*~*~ (hiding).
 10234 | D:9      | 10234 ||| Stepping ~*~*~tactically~*~*~ (hiding).
 10236 | D:9      | 10236 ||| INVOKING Fiery Armour.
 10242 | D:9      | Killed Erolcha
 10549 | D:9      | Noticed Psyche
 10550 | D:9      | 10550 ||| Stepping ~*~*~tactically~*~*~ (hiding).
 10556 | D:9      | 10556 ||| INVOKING Fiery Armour.
 10559 | D:9      | 10559 ||| Stepping ~*~*~tactically~*~*~ (stealth).
 10563 | D:9      | Killed Psyche
 10593 | D:9      | 10593 ||| FLEEEEING.
 10594 | D:9      | 10594 ||| FLEEEEING.
 10595 | D:9      | 10595 ||| FLEEEEING.
 10596 | D:9      | 10596 ||| FLEEEEING.
 10597 | D:9      | 10597 ||| FLEEEEING.
 10598 | D:9      | 10598 ||| FLEEEEING.
 10599 | D:9      | 10599 ||| FLEEEEING.
 10600 | D:9      | 10600 ||| FLEEEEING.
 10601 | D:9      | 10601 ||| FLEEEEING.
 10602 | D:9      | 10602 ||| FLEEEEING.
 10603 | D:9      | 10603 ||| FLEEEEING.
 10915 | D:9      | 10915 ||| UPGRADING to +4 ring of protection.
 10917 | D:9      | 10917 ||| READING scroll labelled CIMAIS VESAE.
 10965 | D:10     | Entered Level 10 of the Dungeon
 10969 | D:10     | Found a staircase to the Lair.
 10974 | D:10     | Noticed Sonja
 10975 | D:10     | 10975 ||| INVOKING Fiery Armour.
 11006 | D:10     | Killed Sonja
 11249 | D:10     | Reached skill level 3 in Dodging
 11477 | D:10     | 11477 ||| FLEEEEING.
 11492 | D:10     | HP: 19/92 [wyvern (8)]
 11493 | D:10     | 11493 ||| DRINKING potion of heal wounds.
 11503 | D:10     | HP: 20/92 [orc priest/divine providence (13)]
 11506 | D:10     | HP: 3/92 [orc priest/divine providence (14)]
 11506 | D:10     | Slain by a gnoll sergeant

Levels and vault maps discovered:
D:1:      minmay_arrival_cross, layout_loops_corners,
          hellmonk_ecumenical_altar_crossroads
D:2:      layout_basic, basic_altar, pf_guarded_unrand_woodcutter
D:3:      layout_rooms
D:4:      layout_basic, ebering_ghost_gozag
D:5:      layout_cave_pools, grunt_temple_overflow_order_and_chaos_1,
          minmay_temple_entry_sparse_star, serial_bayou_pond_b, uniq_grinder
D:6:      layout_loops_ring, nicolae_overflow_hidden_temple,
          hangedman_decor_slide_cut
D:7:      layout_gridville, marbit_many_paths,
          nicolae_gozag_cash_rules_everything_around_me,
          mainiacjoe_overflow_large_starburst
D:8:      layout_gridville, old_standard_altar,
          mainiacjoe_overflow_surrounded_room, old_standard_altar,
          mainiacjoe_overflow_paths, nzn_wu_jian_contemplation, okawaru_humans,
          serial_shops, nicolae_shop_stone, hangedman_glass_teeth,
          minmay_misc_feat_more_columns, glass_columns_c
D:9:      layout_cave_pools, mainiacjoe_overflow_small_starburst, serial_ice,
          serial_ice_h, serial_ice_e, serial_ice_m, serial_ice_j, uniq_psyche,
          uniq_erolcha
D:10:     layout_rooms, lair_entry_dummy, uniq_sonja

Skill      XL: |  1  2  3  4  5  6  7  8  9 10 11 |
---------------+----------------------------------+-----
Axes           | 4 5 6 7 9 10 | 10.0
Dodging        | 1 2 3 |  3.0
Armour         | 1 3 4 5 6 8 |  8.0
Fighting       | 4 5 6 9 10 | 10.8
Throwing       | 3 4 5 |  5.0
Shields        | 5 6 8 |  8.1
Spellcasting   | |  1.1
Fire Magic     | |  3.0

Action                   |  1- 3 |  4- 6 |  7- 9 | 10-12 || total
-------------------------+-------+-------+-------+-------++-------
Melee: Hand axe          |   122 |    59 |       |       ||   181
       Punch             |     3 |     1 |     2 |       ||     6
       Battleaxe         |       |    84 |   250 |   206 ||   540
Throw: Javelin           |       |       |    27 |    37 ||    64
Invok: Fiery Armour      |     3 |     3 |     1 |     5 ||    12
  Use: Scroll            |     3 |     9 |    12 |     3 ||    27
       Potion            |       |       |     1 |     1 ||     2
Armor: Robe              |    24 |       |       |       ||    24
       Ring mail         |     8 |    65 |     5 |       ||    78
       Chain mail        |       |       |    84 |   138 ||   222
Dodge: Dodged            |    75 |    72 |    73 |   108 ||   328
Block: Buckler           |       |       |    15 |    67 ||    82

Table legend:
 A = Non-vault XP
 B = Vault XP
 C = Vault XP percentage of total XP
 D = Non-vault monster count
 E = Vault monster count
 F = Vault count percentage of total count
                 A         B        C        D         E       F
            +---------+---------+-------+---------+---------+-------
      Total |    9874 |    3601 |  26.7 |     220 |      24 |   9.8
            +---------+---------+-------+---------+---------+-------
        D:1 |      46 |       0 |   0.0 |      28 |       0 |   0.0
        D:2 |      19 |     164 |  89.6 |      11 |       6 |  35.3
        D:3 |     145 |       0 |   0.0 |      20 |       0 |   0.0
        D:4 |     233 |       0 |   0.0 |      16 |       0 |   0.0
        D:5 |     934 |     344 |  26.9 |      35 |       4 |  10.3
        D:6 |     618 |       0 |   0.0 |      16 |       0 |   0.0
        D:7 |    1255 |       8 |   0.6 |      32 |       1 |   3.0
        D:8 |    3371 |     374 |  10.0 |      29 |       2 |   6.5
        D:9 |    1572 |    1939 |  55.2 |      18 |      10 |  35.7
       D:10 |    1681 |     772 |  31.5 |      15 |       1 |   6.2
            +---------+---------+-------+---------+---------+-------
